AoeStats
← Le Tapete

Fortress

509534104Analyzed
2v2 RM · 4d ago on Sep 27, 2026· 76m 6s· 4 players
Game mode
Random Map
Map size
Normal (6 player)
Population
200
Speed
Normal
Resources
Standard
Victory
Conquest
Starting age
Dark Age
Ending age
Imperial Age
RankedLock teamsTeams togetherTeam positionsShared explorationLock speedFull tech treeHidden civsTurbo modeCheats
Victory
Defeat
🇦🇺 Japanese · Australia
867
+15
🇦🇺 Danes · Australia
778
+19
🇲🇽 Bulgarians · Mexico
867
-18
🇲🇽 Lithuanians · Mexico
818
-16
Le Tapete
10:08 Feudal Age
14:50 Castle Age
13:33 Double-Bit Axe
14:19 Horse Collar
15:57 Wheelbarrow
15:08 Loom
16:38 Bow Saw
16:31 Heavy Plow
20:48 Scale Barding Armor
20:43 Scale Mail Armor
20:54 Forging
21:45 Chain Barding Armor
23:22 Caravan
25:39 Hand Cart
29:49 Imperial Age
27:07 Town Watch
28:29 Chain Mail Armor
28:49 Iron Casting
28:05 Fletching
28:15 Padded Archer Armor
28:41 Gold Mining
28:44 Stone Mining
29:01 Town Patrol
30:12 Bodkin Arrow
31:14 Stone Shaft Mining
32:03 Leather Archer Armor
31:48 Bracer
31:58 Elite Leitis
33:19 Hoardings
33:29 Coinage
34:16 Plate Barding Armor
36:26 Chemistry
36:26 Ring Archer Armor
39:09 Ballistics
38:41 Heated Shot
39:03 Fortified Wall
39:15 Bombard Tower
39:53 Banking
39:34 Guilds
40:37 Masonry
40:25 Murder Holes
42:33 Tower Shields
42:33 Hill Forts
42:48 Squires
42:09 Pikeman
45:00 Elite Skirmisher
46:06 Halberdier
46:32 Arson
esdrasvm
6:00 Feudal Age
6:27 Double-Bit Axe
6:44 Arson
9:46 Loom
10:14 Forging
10:05 Scale Mail Armor
13:38 Wheelbarrow
15:26 Castle Age
14:24 Stone Mining
17:52 Iron Casting
18:18 Hand Cart
18:06 Squires
18:20 Padded Archer Armor
18:11 Fletching
21:42 Murder Holes
24:17 Scale Barding Armor
24:51 Bow Saw
24:33 Horse Collar
24:46 Gold Mining
26:05 Leather Archer Armor
27:24 Bodkin Arrow
28:12 Chain Barding Armor
28:51 Chain Mail Armor
34:55 Stone Shaft Mining
34:57 Gold Shaft Mining
36:58 Imperial Age
36:10 Heavy Plow
35:36 Pikeman
36:02 Gambesons
37:00 Caravan
36:59 Town Watch
37:25 Halberdier
40:08 Blast Furnace
39:38 Plate Mail Armor
39:45 Plate Barding Armor
39:36 Conscription
39:42 Bracer
40:40 Bloodlines
40:31 Husbandry
43:08 Ballistics
43:49 Chemistry
43:19 Light Cavalry
43:23 Elite Skirmisher
45:00 Bagains
45:59 Stirrups
47:31 Hussar
50:15 Town Patrol
49:39 Elite Konnik
54:11 Parthian Tactics
59:18 Fervor
59:04 Herbal Medicine
63:24 Crop Rotation
eddiegreen
6:38 Loom
9:03 Feudal Age
10:45 Man-at-Arms
13:03 Horse Collar
14:07 Wheelbarrow
13:51 Arson
16:16 Castle Age
18:17 Gambesons
17:53 Long Swordsman
18:35 Squires
33:28 Imperial Age
32:38 Heavy Plow
32:27 Double-Bit Axe
32:37 Stone Mining
32:37 Gold Mining
33:33 Scale Barding Armor
33:39 Forging
33:20 Fletching
33:30 Padded Archer Armor
33:31 Scale Mail Armor
34:04 Caravan
34:26 Two-Handed Swordsman
34:32 Elite Varangian Guard
35:40 Bow Saw
35:37 Hamask
38:52 Champion
39:52 Murder Holes
42:12 Elite Jomsviking
42:16 Northmen's Fury
52:12 Husbandry
52:23 Bloodlines
51:33 Light Cavalry
53:04 Iron Casting
52:46 Chain Mail Armor
56:07 Elite Skirmisher
59:09 Blast Furnace
58:26 Leather Archer Armor
62:04 Hand Cart
62:26 Ring Archer Armor
62:30 Chain Barding Armor
62:41 Plate Mail Armor
62:16 Bodkin Arrow
67:29 Bracer
68:05 Plate Barding Armor
68:16 Heavy Scorpion
dirtyhazz
7:33 Feudal Age
11:45 Castle Age
11:40 Double-Bit Axe
11:37 Horse Collar
16:58 Scale Mail Armor
17:40 Bow Saw
17:32 Heavy Plow
21:16 Wheelbarrow
22:35 Forging
27:05 Imperial Age
25:26 Hand Cart
24:57 Town Watch
24:58 Loom
28:57 Two-Man Saw
29:58 Arson
30:14 Squires
30:36 Chain Mail Armor
30:57 Iron Casting
31:36 Conscription
31:40 Kataparuto
30:42 Elite Samurai
32:51 Capped Ram
35:16 Plate Mail Armor
34:37 Fletching
34:51 Padded Archer Armor
34:14 Elite Skirmisher
34:58 Gambesons
36:45 Blast Furnace
37:04 Pikeman
37:39 Onager
38:58 Thumb Ring
40:31 Chemistry
39:52 Ballistics
39:28 Murder Holes
39:57 Bloodlines
39:08 Light Cavalry
40:29 Bodkin Arrow
40:49 Leather Archer Armor
40:41 Scale Barding Armor
43:41 Halberdier
47:19 Husbandry
58:19 Caravan
70:32 Bracer
71:02 Ring Archer Armor
70:53 Chain Barding Armor
Connection lost

Rejoining the realm…

Still unreachable

The connection could not be restored.

Session expired

The server has moved on; the page needs a fresh start.